 Dungeon Crawl Stone Soup version 0.27.1-1-g398f81649c (webtiles) character file.

Game seed: 18007168233219821259

14247 MisterFreud the Blocker (level 12, -22/87 HPs)
             Began as a Gnoll Fighter on Sept 11, 2021.
             Was a High Priest of Hepliaklqana.
             Annihilated by a white ugly thing (23 damage)
             ... on level 12 of the Dungeon.
             The game lasted 00:20:57 (10127 turns).

MisterFreud the Blocker (Gnoll Fighter)            Turns: 10127, Time: 00:20:57

Health: -22/87     AC:  8    Str: 15    XL:     12   Next: 14%
Magic:  22/22      EV: 13    Int: 14    God:    Hepliaklqana [*****.]
Gold:   596        SH: 12    Dex: 11    Spells: 21/25 levels left

rFire    . . .     SeeInvis .   a - +0 rapier (venom)
rCold    . . .     Faith    .   c - +1 kite shield
rNeg     . . .     Spirit   .   n - +0 troll leather armour
rPois    .         Reflect  .   j - +0 helmet
rElec    .         Harm     .   (no cloak)
rCorr    +         Rampage  .   G - +0 pair of gloves
Will     .....                  (no boots)
Stlth    +++.......             (no amulet)
HPRegen  1.24/turn              o - ring of resist corrosion
MPRegen  0.18/turn              (no ring)

@: about to teleport, slowed, very slow
A: reduced essence, fangs 1, strong nose, distributed training
a: Renounce Religion, Recall Ancestor, Ancestor Identity, Transference, Idealise


You were on level 12 of the Dungeon.
You worshipped Hepliaklqana.
Hepliaklqana was extremely pleased with you.
You visited 1 branch of the dungeon, and saw 12 of its levels.
You also visited: Sewer.

You collected 596 gold pieces.

Inventory:

Hand Weapons
 a - a +0 rapier of venom (weapon)
Missiles
 g - 8 atropa-tipped darts
 s - 3 curare-tipped darts (quivered)
 w - 11 poisoned darts
 D - 27 boomerangs
 F - 5 boomerangs of dispersal
 N - a throwing net
 V - 5 javelins
Armour
 b - a +0 scale mail
 c - a +1 kite shield (worn)
 j - a +0 helmet (worn)
 n - a +0 troll leather armour (worn)
 y - the +4 scale mail of Midwinter {rF- rC++}
   (You found it on level 6 of the Dungeon)

   rF:        It makes you vulnerable to fire.
   rC:        It greatly protects you from cold.
 G - a +0 pair of gloves (worn)
 P - +0 swamp dragon scales
Jewellery
 o - a ring of resist corrosion (left hand)
 q - a ring of fire
 J - a ring of flight
 K - a ring of ice
Wands
 m - a wand of polymorph (9)
 x - a wand of digging (5)
 z - a wand of mindburst (10)
 I - a wand of paralysis (9)
 L - a wand of flame (47)
Scrolls
 k - 4 scrolls of enchant weapon {unknown}
 l - 3 scrolls of fog
 u - 2 scrolls of blinking
 v - 4 scrolls of immolation
 A - a scroll of teleportation
 B - a scroll of amnesia
 E - a scroll of brand weapon
 Q - a scroll of fear
 R - 2 scrolls of identify
 S - a scroll of torment {unknown}
 T - a scroll of magic mapping
 W - a scroll of enchant armour
Potions
 d - a potion of might
 e - a potion of degeneration
 f - 4 potions of brilliance
 h - 2 potions of ambrosia
 i - 6 potions of flight
 p - a potion of mutation
 r - 2 potions of invisibility
 t - a potion of attraction
 C - 2 potions of heal wounds
 H - a potion of resistance
 M - a potion of magic
 U - a potion of curing
 X - a potion of berserk rage {unknown}
Miscellaneous
 O - a phantom mirror


   Skills:
 + Level 9.6 Fighting
 + Level 8.4 Short Blades
 + Level 7.0 Long Blades
 + Level 7.0 Axes
 + Level 7.0 Maces & Flails
 + Level 7.0 Polearms
 + Level 7.0 Staves
 + Level 7.0 Slings
 + Level 7.0 Bows
 + Level 7.0 Crossbows
 + Level 7.0 Throwing
 + Level 9.6 Armour
 + Level 7.0 Dodging
 + Level 7.0 Stealth
 + Level 9.6 Shields
 + Level 7.0 Unarmed Combat
 + Level 7.0 Spellcasting
 + Level 5.8 Conjurations
 + Level 5.8 Hexes
 + Level 5.8 Summonings
 + Level 5.8 Necromancy
 + Level 5.8 Translocations
 + Level 5.8 Transmutations
 + Level 5.8 Fire Magic
 + Level 5.8 Ice Magic
 + Level 5.8 Air Magic
 + Level 5.8 Earth Magic
 + Level 5.8 Poison Magic
 + Level 7.7 Invocations
 + Level 7.0 Evocations


You had 21 spell levels left.
You knew the following spells:

 Your Spells              Type           Power      Damage    Failure   Level
a - Apportation           Tloc           42%        N/A       3%          1
b - Teleport Other        Tloc           21%        N/A       9%          3

Your spell library contained the following spells:

 Spells                   Type           Power      Damage    Failure   Level
 Animate Skeleton         Necr           42%        N/A       3%          1
 Corona                   Hex            23%        N/A       3%          1
 Summon Small Mammal      Summ           84%        N/A       3%          1
 Gell's Gravitas          Tloc           10%        N/A       9%          3
 Lesser Beckoning         Tloc           10%        N/A       9%          3
 Stone Arrow              Conj/Erth      42%        3d9       9%          3
 Animate Dead             Necr           10%        N/A       30%         4
 Bolt of Magma            Conj/Fire/Erth 10%        4d7       63%         5
 Borgnjor's Vile Clutch   Necr/Erth      10%        N/A       63%         5
 Death Channel            Necr           10%        N/A       99%         6
 Shatter                  Erth           10%        3d12*     100%        9


Dungeon Overview and Level Annotations

Branches:
Dungeon (12/15)            Temple (0/1) D:4            Lair (0/6) D:10
    Orc (0/2) D:9           Sewer (visited)

Altars:
Elyvilon
Hepliaklqana
Kikubaaqudgha
Makhleb
Nemelex Xobeh
Wu Jian
Yredelemnul
Beogh

Shops:
D:3 :   D:6 [


Innate Abilities, Weirdness & Mutations

Your life essence is reduced to manifest your ancestor. (-10% HP)
You have very sharp teeth.
Your uncanny sense of smell can sniff out nearby items.
Your experience applies equally to all skills.


Message History

A cyclops comes into view.
Found 14 gold pieces.
The cyclops moves out of view.
Found a glaive and a trident.
You now have 596 gold pieces (gained 14).
You open the door.
Found a ring mail and a hand axe.
There is an open door here.
You see here a +0 ring mail.
You open the door. You open the door.
There is an open door here.
You open the door.
A deep elf pyromancer and a wraith come into view.
There are monsters nearby!
A white ugly thing comes into view.
Found a basalt altar of Yredelemnul.
There is an open door here.
You swap places.
There is an open door here.
You swap places.
The wraith hits you. The wraith drains your vigour!
You feel yourself slow down.
There is an open door here.
You swap places.
The white ugly thing barely misses you. You block the wraith's attack.
There is an open door here.
The white ugly thing trunk-slaps you! The white ugly thing freezes you!!
Nenetl hits the white ugly thing with a +0 flail!
You are too injured to fight recklessly!
You are too injured to fight recklessly!
Nenetl closely misses the white ugly thing.
As you read the scroll of teleportation, it crumbles to dust.
You feel strangely unstable. The white ugly thing trunk-slaps you.
The white ugly thing freezes you!!
* * * LOW HITPOINT WARNING * * *
Nenetl hits the wraith with a +0 flail!
Nenetl blocks the wraith's attack.
The white ugly thing trunk-slaps you.
* * * LOW HITPOINT WARNING * * *
The white ugly thing freezes you!!
You die...

._........W#
#.u........#
..#........+
#..........#
#'# #.## #.W#
#####W###
#..@uR..#
#.......#
+.......#
#....)..######
#.......'....+
#....[..######
#####'###
#...# ###.#


You could see the friendly Nenetl the knight, a white ugly thing and a wraith
(ally target).

Vanquished Creatures
  A hydra (D:11)
  A tengu warrior (D:11)
  Urug (D:11)
  A manticore (D:11)
  A cyclops (D:11)
  A centaur zombie (D:10)
  Maggie (D:9)
  A kobold demonologist (D:10)
  2 trolls
  10 yaks
  A wyvern (D:10)
  A basilisk (D:10)
  A vampire mosquito (D:11)
  An orc warrior (D:10)
  2 ogres
  3 centaurs
  2 phantoms (D:6)
  2 bullfrogs
  A scorpion (D:6)
  A water moccasin skeleton (D:5)
  10 killer bees
  An electric eel (D:11)
  4 howler monkeys
  2 hounds
  2 orc priests
  2 gnoll shamans (D:6)
  2 jellies
  An iguana (D:10)
  8 orc wizards
  Robin (D:2)
  7 gnolls (D:6)
  5 adders
  2 shadow imps
  A white imp (D:5)
  An ufetubus (D:5)
  9 worms
  3 dart slugs
  30 orcs
  5 ball pythons
  13 bats
  3 bat zombies (D:5)
  7 endoplasms
  10 giant cockroaches
  18 goblins
  13 hobgoblins
  3 jackals (Sewer)
  5 quokkas
  3 frilled lizards
  8 kobolds
  4 rats
  A rat zombie (D:5)
219 creatures vanquished.

Vanquished Creatures (collateral kills)
  2 two-headed ogres
  Maurice (D:9)
  A troll (D:9)
  A wraith (D:11)
  A shadow (D:10)
  3 wyverns
  Eustachio (D:4)
  12 yaks
  A basilisk (D:10)
  2 vampire mosquitoes (D:11)
  2 water moccasins
  3 orc warriors
  A necrophage (D:5)
  2 ogres
  A centaur (D:7)
  2 phantoms (D:5)
  A kobold brigand (D:10)
  A scorpion (D:10)
  2 killer bees
  An electric eel (D:9)
  A hound (D:4)
  An orc priest (D:7)
  An iguana (D:5)
  4 orc wizards
  A hound skeleton (D:4)
  2 howler monkey zombies
  An ufetubus (D:4)
  A worm (D:3)
  13 orcs
  3 bats (Sewer)
  An endoplasm (Sewer)
  A jackal (Sewer)
  A kobold (D:10)
  4 quokkas
76 creatures vanquished.

Vanquished Creatures (others)
  4 knights
  2 fungi (D:10)
  8 plants (D:10)
14 creatures vanquished.

Grand Total: 309 creatures vanquished

Notes
Turn   | Place    | Note
-------+----------+-------------------------------------------
     0 | D:1      | MisterFreud the Gnoll Fighter began the quest for the Orb.
     0 | D:1      | Reached XP level 1. HP: 23/23 MP: 1/1
     1 | D:1      | Noticed an electric eel
   173 | D:1      | Reached XP level 2. HP: 24/29 MP: 2/2
   587 | D:1      | Reached XP level 3. HP: 35/35 MP: 3/3
   973 | D:2      | Reached skill level 1 in Invocations
  1208 | D:2      | Found a sparkling altar of Nemelex Xobeh.
  1263 | D:2      | Reached skill level 1 in Long Blades
  1263 | D:2      | Reached skill level 1 in Axes
  1263 | D:2      | Reached skill level 1 in Maces & Flails
  1263 | D:2      | Reached skill level 1 in Polearms
  1263 | D:2      | Reached skill level 1 in Staves
  1263 | D:2      | Reached skill level 1 in Slings
  1263 | D:2      | Reached skill level 1 in Bows
  1263 | D:2      | Reached skill level 1 in Crossbows
  1263 | D:2      | Reached skill level 1 in Throwing
  1263 | D:2      | Reached skill level 1 in Dodging
  1263 | D:2      | Reached skill level 1 in Stealth
  1263 | D:2      | Reached skill level 1 in Unarmed Combat
  1263 | D:2      | Reached skill level 1 in Spellcasting
  1263 | D:2      | Reached skill level 1 in Evocations
  1288 | D:2      | Noticed Robin
  1297 | D:2      | Reached XP level 4. HP: 40/41 MP: 5/5
  1536 | D:2      | Killed Robin
  1746 | D:2      | Reached skill level 1 in Conjurations
  1746 | D:2      | Reached skill level 1 in Hexes
  1746 | D:2      | Reached skill level 1 in Summonings
  1746 | D:2      | Reached skill level 1 in Necromancy
  1746 | D:2      | Reached skill level 1 in Translocations
  1746 | D:2      | Reached skill level 1 in Transmutations
  1746 | D:2      | Reached skill level 1 in Fire Magic
  1746 | D:2      | Reached skill level 1 in Ice Magic
  1746 | D:2      | Reached skill level 1 in Air Magic
  1746 | D:2      | Reached skill level 1 in Earth Magic
  1746 | D:2      | Reached skill level 1 in Poison Magic
  1894 | D:3      | Found a faded altar of an unknown god.
  1909 | D:3      | Became a worshipper of Hepliaklqana the Forgotten
  1909 | D:3      | Reached * piety under Hepliaklqana
  2011 | D:3      | Reached XP level 5. HP: 42/42 MP: 6/6
  2133 | D:3      | Found Acuumn's Book Shop.
  2366 | D:3      | Found a glowing drain.
  2383 | Sewer    | Entered a sewer
  2404 | Sewer    | Reached ** piety under Hepliaklqana
  2943 | D:3      | Remembered your ancestor Nenetl as a knight
  2961 | D:4      | Found a staircase to the Ecumenical Temple.
  2984 | D:4      | Noticed an ogre
  2988 | D:4      | Killed an ogre
  2989 | D:4      | Reached XP level 6. HP: 47/47 MP: 8/8
  3043 | D:4      | Reached skill level 5 in Short Blades
  3089 | D:4      | Found a sparkling altar of Nemelex Xobeh.
  3186 | D:4      | Noticed Eustachio
  3196 | D:4      | Killed Eustachio
  3197 | D:4      | Reached XP level 7. HP: 51/53 MP: 8/10
  3607 | D:5      | Entered Level 5 of the Dungeon
  3736 | D:5      | Reached XP level 8. HP: 54/60 MP: 12/12
  3795 | D:5      | Found an ornate altar of the Wu Jian Council.
  3998 | D:5      | Found an ancient bone altar of Kikubaaqudgha.
  4134 | D:5      | Noticed a yak
  4140 | D:5      | Noticed a yak
  4142 | D:5      | Noticed a yak
  4155 | D:5      | Killed a yak
  4155 | D:5      | Noticed a yak
  4207 | D:6      | Identified the +4 scale mail of Midwinter {rF- rC++}
  4478 | D:6      | Found Vuivufri's Armour Emporium.
  4674 | D:6      | Noticed a troll
  4690 | D:6      | Killed a troll
  4691 | D:6      | Reached XP level 9. HP: 23/65 MP: 14/14
  4920 | D:6      | Reached *** piety under Hepliaklqana
  5077 | D:6      | Found a burning altar of Makhleb.
  5506 | D:7      | Found a basalt altar of Yredelemnul.
  6096 | D:8      | HP: 3/66 [killer bee (4)]
  6187 | D:8      | Reached skill level 5 in Invocations
  6237 | D:9      | Found a staircase to the Orcish Mines.
  6313 | D:8      | Reached XP level 10. HP: 21/72 MP: 17/17
  6428 | D:8      | Reached **** piety under Hepliaklqana
  6494 | D:8      | Reached skill level 5 in Long Blades
  6494 | D:8      | Reached skill level 5 in Axes
  6494 | D:8      | Reached skill level 5 in Maces & Flails
  6494 | D:8      | Reached skill level 5 in Polearms
  6494 | D:8      | Reached skill level 5 in Staves
  6494 | D:8      | Reached skill level 5 in Slings
  6494 | D:8      | Reached skill level 5 in Bows
  6494 | D:8      | Reached skill level 5 in Crossbows
  6494 | D:8      | Reached skill level 5 in Throwing
  6494 | D:8      | Reached skill level 5 in Dodging
  6494 | D:8      | Reached skill level 5 in Stealth
  6494 | D:8      | Reached skill level 5 in Unarmed Combat
  6494 | D:8      | Reached skill level 5 in Spellcasting
  6494 | D:8      | Reached skill level 5 in Evocations
  7682 | D:9      | Noticed Maurice
  7705 | D:9      | Killed Maurice
  7797 | D:9      | Noticed Maggie
  7811 | D:9      | Killed Maggie
  7984 | D:9      | Found a white marble altar of Elyvilon.
  8074 | D:10     | Entered Level 10 of the Dungeon
  8181 | D:10     | Reached XP level 11. HP: 49/78 MP: 19/19
  8265 | D:10     | Reached skill level 5 in Conjurations
  8265 | D:10     | Reached skill level 5 in Hexes
  8265 | D:10     | Reached skill level 5 in Summonings
  8265 | D:10     | Reached skill level 5 in Necromancy
  8265 | D:10     | Reached skill level 5 in Translocations
  8265 | D:10     | Reached skill level 5 in Transmutations
  8265 | D:10     | Reached skill level 5 in Fire Magic
  8265 | D:10     | Reached skill level 5 in Ice Magic
  8265 | D:10     | Reached skill level 5 in Air Magic
  8265 | D:10     | Reached skill level 5 in Earth Magic
  8265 | D:10     | Reached skill level 5 in Poison Magic
  8534 | D:10     | Found a staircase to the Lair.
  8687 | D:10     | Noticed a two-headed ogre
  8697 | D:10     | Killed a two-headed ogre
  8836 | D:11     | Reached ***** piety under Hepliaklqana
  9166 | D:11     | Noticed a tengu warrior
  9200 | D:11     | Killed a tengu warrior
  9423 | D:11     | Noticed Urug
  9437 | D:11     | Killed Urug
  9474 | D:11     | Noticed a cyclops
  9474 | D:11     | Noticed a manticore
  9485 | D:11     | Killed a manticore
  9491 | D:11     | Killed a cyclops
  9591 | D:11     | Reached XP level 12. HP: 86/86 MP: 22/22
  9593 | D:11     | Learned a level 1 spell: Apportation
  9597 | D:11     | Learned a level 3 spell: Teleport Other
  9648 | D:11     | Noticed a five-headed hydra
  9904 | D:11     | Noticed a two-headed ogre
  9916 | D:11     | Killed a two-headed ogre
  9923 | D:11     | Killed a five-headed hydra
 10001 | D:11     | Identified the +1 scale mail of Plog {-Tele Will+++ Str-2
                  | Slay+6}
 10114 | D:12     | Found a basalt altar of Yredelemnul.
 10127 | D:12     | HP: 1/87 [white ugly thing (5)]
 10127 | D:12     | Annihilated by a white ugly thing

Illustrated notes

Levels and vault maps discovered:
D:1:      arrival_aquarium_a, layout_loops_ring
D:2:      layout_rooms, basic_altar, columned_hall_lemuel, uniq_robin
D:3:      layout_rooms, basic_ecumenical_altar, serial_shops, shop,
          portal_sewer_entry_f, minmay_misc_feat_four_crosses,
          hangedman_decor_opposing
D:4:      layout_gridville, nemelex_spade_bored_becter,
          minmay_temple_entry_crystal_x, lemuel_old_faithful, uniq_eustachio
D:5:      layout_loops_ring, lemuel_zombie_altar_kikubaaqudgha,
          nicolae_wu_jian_wuxing_cycle, uniq_prince_ribbit1
D:6:      layout_loops_cross, kennysheep_little_box, serial_shops,
          nicolae_lakefront_shop, st_stairs_14, chequers_mini_garden
D:7:      layout_gridville, lemuel_coloured_pillars_altar
D:8:      layout_basic, minmay_misc_feat_plants
D:9:      layout_roguey, nicolae_elyvilon_temple_path, uniq_maurice, uniq_maggie
D:10:     layout_rooms, minmay_lair_entry_grove, special_room
          [special_room_orc], grunt_decor_arrowhead
D:11:     layout_basic, uniq_urug
D:12:     layout_roguey, hangedman_feature_mirror

Skill      XL: |  1  2  3  4  5  6  7  8  9 10 11 12 |
---------------+-------------------------------------+-----
Invocations    | 1 2 3 4 5 6 7 |  7.7
Long Blades    | 1 2 3 4 5 6 7 |  7.0
Axes           | 1 2 3 4 5 6 7 |  7.0
Maces & Flails | 1 2 3 4 5 6 7 |  7.0
Polearms       | 1 2 3 4 5 6 7 |  7.0
Staves         | 1 2 3 4 5 6 7 |  7.0
Slings         | 1 2 3 4 5 6 7 |  7.0
Bows           | 1 2 3 4 5 6 7 |  7.0
Crossbows      | 1 2 3 4 5 6 7 |  7.0
Throwing       | 1 2 3 4 5 6 7 |  7.0
Dodging        | 1 2 3 4 5 6 7 |  7.0
Stealth        | 1 2 3 4 5 6 7 |  7.0
Unarmed Combat | 1 2 3 4 5 6 7 |  7.0
Spellcasting   | 1 2 3 4 5 6 7 |  7.0
Evocations     | 1 2 3 4 5 6 7 |  7.0
Conjurations   | 1 2 3 4 5 |  5.8
Hexes          | 1 2 3 4 5 |  5.8
Summonings     | 1 2 3 4 5 |  5.8
Necromancy     | 1 2 3 4 5 |  5.8
Translocations | 1 2 3 4 5 |  5.8
Transmutations | 1 2 3 4 5 |  5.8
Fire Magic     | 1 2 3 4 5 |  5.8
Ice Magic      | 1 2 3 4 5 |  5.8
Air Magic      | 1 2 3 4 5 |  5.8
Earth Magic    | 1 2 3 4 5 |  5.8
Poison Magic   | 1 2 3 4 5 |  5.8
Short Blades   | 5 6 7 8 |  8.4
Fighting       | 7 8 9 |  9.6
Armour         | 7 8 9 |  9.6
Shields        | 7 8 9 |  9.6

Action                   |  1- 3 |  4- 6 |  7- 9 | 10-12 || total
-------------------------+-------+-------+-------+-------++-------
Melee: Rapier            |   115 |   217 |   405 |   416 ||  1153
       Bite              |    13 |    19 |    38 |    50 ||   120
       Unarmed           |       |       |       |    14 ||    14
Throw: Dart              |       |     2 |     2 |    16 ||    20
 Cast: Teleport Other    |       |       |       |    10 ||    10
Invok: Ancestor Life: Kn |       |     1 |       |       ||     1
       Recall Ancestor   |       |       |     1 |     2 ||     3
Evoke: Wand              |       |       |     3 |     4 ||     7
  Use: Scroll            |       |     6 |     5 |     8 ||    19
       Potion            |       |     1 |     2 |       ||     3
 Stab: Distracted        |       |     2 |     2 |     2 ||     6
       Sleeping          |       |     1 |     6 |     1 ||     8
Armor: Scale mail        |    39 |    27 |       |       ||    66
       Troll leather arm |       |    61 |    63 |   100 ||   224
Dodge: Dodged            |    22 |   102 |   151 |   169 ||   444
Block: Kite shield       |    58 |   124 |   214 |   254 ||   650
